Flames vs Maple Leafs
(R1)
Created - November 6, 2024 at 20:02
Goals
|
Flames |
1 |
0 |
1 |
0 |
1 |
3 |
Maple Leafs |
0 |
1 |
1 |
0 |
0 |
2 |
|
Shots
|
Flames |
14 |
12 |
5 |
2 |
3 |
33 |
Maple Leafs |
9 |
8 |
16 |
1 |
3 |
34 |
|
1st period
1. Flames , Jimmy Hayes 4 (Jake DeBrusk 4, Eric Staal 8) at 11:32 (PP)
Penalties :
Evander Kane (TOR) for Holding (Minor) at 1:57, Bo Horvat (TOR) for Hooking (Minor) at 11:14, David Ullstrom (Cal) for High sticking (Minor) at 19:24
2nd period
2. Maple Leafs , Evander Kane 5 (Bo Horvat 5, Andre Burakovsky 9) at 0:14 (PP)
Penalties :
Christian Folin (Cal) for Cross-checking (Minor) at 0:52, Evander Kane (TOR) for Slashing (Minor) at 19:46
3rd period
3. Maple Leafs , Zach Werenski 5 (Evander Kane 9) at 3:52 (PP)
4. Flames , Eric Staal 5 (Brad Marchand 7) at 19:44
Penalties :
Esa Lindell (Cal) for Roughing (Minor) at 3:19, Jimmy Hayes (Cal) for Hooking (Minor) at 7:31, Luke Schenn (TOR) for Roughing (Minor) at 14:58
Overtime #1
No Goal
Penalties :
No Penalty
Shootout
Flames, Eric Staal - Shot Misses the Net
Maple Leafs, Evander Kane - Stopped by Christopher Gibson
Flames, Jake DeBrusk - Goal!
Maple Leafs, Elias Pettersson - Stopped by Christopher Gibson
Flames, Jimmy Hayes - Shot Misses the Net
Maple Leafs, Andre Burakovsky - Stopped by Christopher Gibson
Penalties :
No Penalty
Goalie Stats
Christopher Gibson (Cal), 32 saves from 34 shots - (0.941), W, 5-2-0, 64:22 minutes
Kristers Gudlevskis (TOR), 31 saves from 33 shots - (0.939), OTL, 3-1-2, 65:00 minutes
Players Stats for Flames
Player Name G A P +/- PIM S H SB GA TA FO MP PP MP PK MP
------------------------------------------------------------------------------------
Anders Lee 0 0 0 0 0 2 0 1 1 0 1/3 7:52 0:00 0:30
Brad Marchand 0 1 1 1 0 1 2 2 0 2 3/3 21:59 0:31 3:25
Bryan Rust 0 0 0 1 0 8 1 1 3 0 1/1 21:16 0:14 1:22
Christian Folin 0 0 0 1 2 0 1 2 0 0 0/0 19:43 2:28 2:41
Colby Robak 0 0 0 0 0 0 0 2 0 0 0/0 14:21 0:00 1:43
David Ullstrom 0 0 0 0 2 0 1 0 0 0 0/0 8:08 0:14 0:58
Eric Staal 1 1 2 1 0 2 3 0 0 0 12/32 23:07 3:18 0:58
Erik Johnson 0 0 0 0 0 2 3 5 0 0 0/0 31:37 3:47 3:53
Esa Lindell 0 0 0 1 2 1 0 2 0 2 0/0 17:24 2:28 0:10
Evgeny Svechnikov 0 0 0 0 0 1 2 0 1 0 0/0 9:35 2:43 0:00
Jake DeBrusk 0 1 1 0 0 0 2 1 0 0 1/3 15:47 3:18 0:00
Jimmy Hayes 1 0 1 0 2 3 0 0 0 0 1/2 17:06 3:01 0:00
Kevin Labanc 0 0 0 0 0 1 0 0 0 0 2/2 10:15 0:00 0:00
Patrik Berglund 0 0 0 0 0 3 0 0 0 0 12/29 22:02 2:43 3:29
Rasmus Andersson 0 0 0 0 0 1 1 1 0 0 0/0 13:55 0:00 1:18
Sami Vatanen 0 0 0 0 0 3 0 1 1 0 0/0 27:59 3:47 0:57
Tanner Pearson 0 0 0 0 0 3 1 1 0 0 0/0 17:14 2:43 0:00
Victor Rask 0 0 0 0 0 2 0 0 0 0 4/7 10:15 0:00 0:00
Players Stats for Maple Leafs
Player Name G A P +/- PIM S H SB GA TA FO MP PP MP PK MP
------------------------------------------------------------------------------------
Andre Burakovsky 0 1 1 0 0 2 0 0 1 0 1/3 21:39 3:16 0:00
Ben Smith 0 0 0 -1 0 4 3 2 1 0 1/2 22:14 2:05 3:34
Bo Horvat 0 1 1 0 2 3 2 2 0 0 25/40 23:41 3:16 1:51
Brandon Saad 0 0 0 0 0 0 1 0 0 0 0/0 6:46 0:00 0:46
Brendan Guhle 0 0 0 0 0 0 1 0 0 0 0/0 14:55 0:00 2:44
Elias Pettersson 0 0 0 0 0 1 1 0 0 0 4/14 16:12 2:05 0:07
Evander Kane 1 1 2 -1 4 6 1 1 0 1 1/1 23:31 3:16 0:33
Haydn Fleury 0 0 0 -1 0 1 0 1 0 0 0/0 15:57 0:00 3:31
Jason Zucker 0 0 0 0 0 2 3 2 1 1 1/3 16:49 2:05 0:00
John Klingberg 0 0 0 0 0 0 1 2 0 0 0/0 19:15 3:44 0:47
Jon Merrill 0 0 0 -1 0 2 2 3 0 1 0/0 29:28 1:37 3:31
Luke Schenn 0 0 0 0 2 0 0 0 0 1 0/0 18:28 1:37 1:57
Nicholas Baptiste 0 0 0 0 0 1 0 0 0 0 0/0 5:40 0:00 0:00
Patrice Cormier 0 0 0 -1 0 1 2 1 0 0 7/10 10:26 0:00 3:47
Pontus Aberg 0 0 0 0 0 2 0 1 0 1 0/0 11:12 0:00 0:00
Sam Bennett 0 0 0 0 0 3 2 0 0 1 5/9 14:14 0:00 1:52
Tyler Benson 0 0 0 0 0 0 1 0 1 0 0/0 11:12 0:00 0:00
Zach Werenski 1 0 1 0 0 6 1 4 0 0 0/0 27:02 3:44 0:00
3 Stars
1 - Eric Staal (Cal)
2 - Christopher Gibson (Cal)
3 - Zach Werenski (TOR)
Power Play
Flames - 1 on 4 Attempt(s) - 25.00%
Maple Leafs - 2 on 4 Attempt(s) - 50.00%
Penalty Kill
Flames - 2 on 4 Attempt(s) - 50.00%
- Score 0 goal in Penalty Kill
Maple Leafs - 3 on 4 Attempt(s) - 75.00%
- Score 0 goal in Penalty Kill
Team Stat
Flames - Hits : 17 - Faceoff Wins : 37 - Blocked Shots : 19 - Penalty Minutes : 8
Maple Leafs - Hits : 21 - Faceoff Wins : 45 - Blocked Shots : 19 - Penalty Minutes : 8
Official
Referees : Steve Kozari and Michael Markovic
Linesman : Jesse Marquis and Kory Nagy
Game Notes
No Game Note
Finance
Level 1 -- Attendance: 6000 (100.00%) -- Ticket Income $600,000
Level 2 -- Attendance: 4330 (86.60%) -- Ticket Income $303,100
Level 3 -- Attendance: 1812 (90.60%) -- Ticket Income $72,480
Level 4 -- Attendance: 3967 (99.18%) -- Ticket Income $119,010
Luxury Box -- Attendance: 923 (92.30%) -- Ticket Income $184,600
Game was played at the Scotiabank Arena.
Total Attendance: 17032 (94.62%)
Total Ticket Income: $1,279,190
Other Income: $191,878
Total Income: $1,471,068
Flames
5 vs 5 Forward
Center Left Wing Right Wing Time % Phy DF OF
1 Eric Staal Brad Marchand Bryan Rust 40 1 2 2
2 Patrik Berglund Tanner Pearson Jimmy Hayes 30 1 2 2
3 Victor Rask Jake DeBrusk Kevin Labanc 20 1 2 2
4 Anders Lee David Ullstrom Evgeny Svechnikov 10 1 2 2
5 vs 5 Defense
Defense Defense Time % Phy DF OF
1 Erik Johnson Sami Vatanen 40 1 2 2
2 Esa Lindell Christian Folin 30 1 2 2
3 Colby Robak Rasmus Andersson 20 1 2 2
4 Erik Johnson Sami Vatanen 10 1 2 2
PowerPlay Forward
Center Left Wing Right Wing Time % Phy DF OF
1 Eric Staal Jake DeBrusk Jimmy Hayes 60 1 1 3
2 Patrik Berglund Tanner Pearson Evgeny Svechnikov 40 1 1 3
PowerPlay Defense
Defense Defense Time % Phy DF OF
1 Erik Johnson Sami Vatanen 60 1 1 3
2 Esa Lindell Christian Folin 40 1 1 3
Penalty Kill 4 Players Forward
Center Wing Time % Phy DF OF
1 Patrik Berglund Brad Marchand 60 1 3 1
2 Eric Staal Bryan Rust 40 1 3 1
Penalty Kill 4 Players Defense
Defense Defense Time % Phy DF OF
1 Erik Johnson Christian Folin 60 1 3 1
2 Colby Robak Rasmus Andersson 40 1 3 1
Penalty Kill - 3 Players Forward
Forward Time % Phy DF OF
1 Eric Staal 60 1 3 1
2 Patrik Berglund 40 1 3 1
Penalty Kill - 3 Players Defense
Defense Defense Time % Phy DF OF
1 Erik Johnson Christian Folin 60 1 3 1
2 Colby Robak Rasmus Andersson 40 1 3 1
4 vs 4 Forward
Center Wing Time % Phy DF OF
1 Eric Staal Brad Marchand 60 1 2 2
2 Patrik Berglund Bryan Rust 40 1 2 2
4 vs 4 Defense
Defense Defense Time % Phy DF OF
1 Erik Johnson Sami Vatanen 60 1 2 2
2 Esa Lindell Christian Folin 40 1 2 2
Last Minutes Offensive
Center Left Wing Right Wing Defense Defense
Eric Staal Brad Marchand Bryan Rust Erik Johnson Sami Vatanen
Last Minutes Defensive
Center Left Wing Right Wing Defense Defense
Eric Staal Brad Marchand Bryan Rust Erik Johnson Sami Vatanen
Goaltenders
Starting : Christopher Gibson
Backup : Michael Hutchinson
Extra Forwards
Normal : Bryan Rust, Jake DeBrusk, Patrik Berglund - PP : Tanner Pearson, Brad Marchand - PK : Bryan Rust
Extra Defensemen
Normal : Esa Lindell, Christian Folin, Colby Robak - PP : Esa Lindell - PK : Sami Vatanen, Colby Robak
Penalty Shots
Eric Staal, Jake DeBrusk, Jimmy Hayes, Tanner Pearson, Evgeny Svechnikov
Custom OT Lines Forwards
Eric Staal, Jake DeBrusk, Patrik Berglund, Bryan Rust, Jimmy Hayes, Brad Marchand, Tanner Pearson, Victor Rask, Kevin Labanc, Evgeny Svechnikov
Custom OT Lines Defensemen
Erik Johnson, Sami Vatanen, Christian Folin, Esa Lindell, Colby Robak
Scratches
Kyle Palmieri (Healthy), Matthew Nieto (Healthy)
Maple Leafs
5 vs 5 Forward
Center Left Wing Right Wing Time % Phy DF OF
1 Bo Horvat Evander Kane Andre Burakovsky 40 1 2 2
2 Elias Pettersson Jason Zucker Ben Smith 30 1 2 2
3 Sam Bennett Tyler Benson Pontus Aberg 20 1 2 2
4 Patrice Cormier Brandon Saad Nicholas Baptiste 10 1 2 2
5 vs 5 Defense
Defense Defense Time % Phy DF OF
1 Zach Werenski Jon Merrill 40 1 2 2
2 John Klingberg Luke Schenn 30 1 2 2
3 Haydn Fleury Brendan Guhle 20 1 2 2
4 Zach Werenski Jon Merrill 10 1 2 2
PowerPlay Forward
Center Left Wing Right Wing Time % Phy DF OF
1 Bo Horvat Evander Kane Andre Burakovsky 60 1 2 2
2 Elias Pettersson Jason Zucker Ben Smith 40 1 2 2
PowerPlay Defense
Defense Defense Time % Phy DF OF
1 Zach Werenski John Klingberg 60 1 2 2
2 Jon Merrill Luke Schenn 40 1 2 2
Penalty Kill 4 Players Forward
Center Wing Time % Phy DF OF
1 Patrice Cormier Ben Smith 60 1 2 2
2 Sam Bennett Evander Kane 40 1 2 2
Penalty Kill 4 Players Defense
Defense Defense Time % Phy DF OF
1 Haydn Fleury Jon Merrill 60 1 2 2
2 Brendan Guhle Luke Schenn 40 1 2 2
Penalty Kill - 3 Players Forward
Forward Time % Phy DF OF
1 Evander Kane 60 1 2 2
2 Bo Horvat 40 1 2 2
Penalty Kill - 3 Players Defense
Defense Defense Time % Phy DF OF
1 Haydn Fleury Jon Merrill 60 1 2 2
2 Brendan Guhle Luke Schenn 40 1 2 2
4 vs 4 Forward
Center Wing Time % Phy DF OF
1 Bo Horvat Evander Kane 60 1 2 2
2 Elias Pettersson Andre Burakovsky 40 1 2 2
4 vs 4 Defense
Defense Defense Time % Phy DF OF
1 Zach Werenski Jon Merrill 60 1 2 2
2 John Klingberg Luke Schenn 40 1 2 2
Last Minutes Offensive
Center Left Wing Right Wing Defense Defense
Bo Horvat Evander Kane Andre Burakovsky Zach Werenski John Klingberg
Last Minutes Defensive
Center Left Wing Right Wing Defense Defense
Patrice Cormier Evander Kane Ben Smith Jon Merrill Haydn Fleury
Goaltenders
Starting : Kristers Gudlevskis
Backup : Carter Hutton
Extra Forwards
Normal : Elias Pettersson, Sam Bennett, Evander Kane - PP : Sam Bennett, Jason Zucker - PK : Bo Horvat
Extra Defensemen
Normal : Haydn Fleury, Zach Werenski, John Klingberg - PP : Haydn Fleury - PK : Brendan Guhle, John Klingberg
Penalty Shots
Evander Kane, Elias Pettersson, Andre Burakovsky, Bo Horvat, Jason Zucker
Custom OT Lines Forwards
Evander Kane, Bo Horvat, Andre Burakovsky, Ben Smith, Jason Zucker, Sam Bennett, Brandon Saad, Elias Pettersson, Tyler Benson, Pontus Aberg
Custom OT Lines Defensemen
Zach Werenski, Jon Merrill, John Klingberg, Luke Schenn, Haydn Fleury
Scratches
Valentin Zykov (Healthy)
% Time on Ice - Flames
Lines # - Real PCT - Wanted PCT - Time Play
Normal Forward
1 - 35% - 40% - 17:07
2 - 29% - 30% - 14:07
3 - 21% - 20% - 10:15
4 - 14% - 10% - 6:51
Normal Defense
1 - 41% - 40% - 19:38
2 - 29% - 30% - 13:56
3 - 26% - 20% - 12:37
4 - 4% - 10% - 2:09
PP Forward
1 - 57% - 60% - 3:32
2 - 43% - 40% - 2:43
PP Defense
1 - 61% - 60% - 3:47
2 - 39% - 40% - 2:28
PK Forward
1 - 82% - 60% - 4:23
2 - 18% - 40% - 0:58
PK Defense
1 - 76% - 60% - 4:03
2 - 24% - 40% - 1:18
PK3 Forward
1 - 0% - 60%
2 - 0% - 40%
PK3 Defense
1 - 0% - 60%
2 - 0% - 40%
44 Forward
1 - 0% - 60%
2 - 0% - 40%
44 Defense
1 - 0% - 60%
2 - 0% - 40%
Last Minute Offensive - 0:04
Last Minute Defensive - 0:00
Total
Forward - 60:00
Defense - 60:00
|
% Time on Ice - Maple Leafs
Lines # - Real PCT - Wanted PCT - Time Play
Normal Forward
1 - 35% - 40% - 16:23
2 - 30% - 30% - 14:10
3 - 24% - 20% - 11:12
4 - 12% - 10% - 5:40
Normal Defense
1 - 41% - 40% - 19:16
2 - 31% - 30% - 14:41
3 - 24% - 20% - 11:30
4 - 4% - 10% - 1:58
PP Forward
1 - 61% - 60% - 3:16
2 - 39% - 40% - 2:05
PP Defense
1 - 70% - 60% - 3:44
2 - 30% - 40% - 1:37
PK Forward
1 - 70% - 60% - 4:23
2 - 30% - 40% - 1:52
PK Defense
1 - 56% - 60% - 3:31
2 - 44% - 40% - 2:44
PK3 Forward
1 - 0% - 60%
2 - 0% - 40%
PK3 Defense
1 - 0% - 60%
2 - 0% - 40%
44 Forward
1 - 0% - 60%
2 - 0% - 40%
44 Defense
1 - 0% - 60%
2 - 0% - 40%
Last Minute Offensive - 0:00
Last Minute Defensive - 0:59
Total
Forward - 60:00
Defense - 60:00
|
Play-by-Play
1st period
0:01 of 1st period - Eric Staal wins face-off versus Bo Horvat in neutral zone.
0:04 of 1st period - Slapshot by Sami Vatanen.
0:04 of 1st period - Deflect By Eric Staal.
0:04 of 1st period - Shot Blocked by Evander Kane.
0:04 of 1st period - Puck is out of play.
0:05 of 1st period - Eric Staal wins face-off versus Bo Horvat in Maple Leafs zone.
0:33 of 1st period - Snap shot by Evander Kane.
0:33 of 1st period - Stopped by Christopher Gibson without a rebound.
0:34 of 1st period - Elias Pettersson wins face-off versus Patrik Berglund in Flames zone.
0:35 of 1st period - Slapshot by Jason Zucker.
0:35 of 1st period - Deflect By Ben Smith.
0:35 of 1st period - Stopped by Christopher Gibson without a rebound.
0:36 of 1st period - Elias Pettersson wins face-off versus Jake DeBrusk in Flames zone.
0:45 of 1st period - Slapshot by John Klingberg.
0:45 of 1st period - Shot Misses the Net.
0:47 of 1st period - Slapshot by John Klingberg.
0:47 of 1st period - Shot Misses the Net.
0:49 of 1st period - Slapshot by Elias Pettersson.
0:49 of 1st period - Shot Misses the Net.
1:57 of 1st period - Minor Penalty to Evander Kane for Holding.
1:58 of 1st period - Jake DeBrusk wins face-off versus Patrice Cormier in Maple Leafs zone.
2:23 of 1st period - Ben Smith is hit by Tanner Pearson and loses puck.
3:15 of 1st period - Icing by Sami Vatanen.
3:16 of 1st period - Patrice Cormier wins face-off versus Eric Staal in Flames zone.
3:31 of 1st period - Snap shot by Sam Bennett.
3:31 of 1st period - Shot Misses the Net.
3:57 of 1st period - Penalty to Evander Kane is over, Evander Kane is back on ice.
4:03 of 1st period - Christian Folin is hit by Bo Horvat and loses puck.
5:24 of 1st period - Eric Staal is hit by Brendan Guhle and loses puck.
5:41 of 1st period - Victor Rask is hit by Tyler Benson and loses puck.
6:06 of 1st period - Sami Vatanen is hit by Jason Zucker and loses puck.
6:29 of 1st period - Tanner Pearson is hit by Patrice Cormier and loses puck.
6:42 of 1st period - Andre Burakovsky is hit by Brad Marchand and loses puck.
6:56 of 1st period - Off-side.
6:57 of 1st period - Victor Rask wins face-off versus Sam Bennett in neutral zone.
7:30 of 1st period - Wrist shot by Evander Kane.
7:30 of 1st period - Shot Misses the Net.
7:32 of 1st period - Slapshot by Luke Schenn.
7:32 of 1st period - Deflect By Bo Horvat.
7:32 of 1st period - Shot Misses the Net.
7:32 of 1st period - Puck is out of play.
7:33 of 1st period - Eric Staal wins face-off versus Jason Zucker in Flames zone.
7:33 of 1st period - Eric Staal is hit by Jason Zucker.
7:39 of 1st period - Elias Pettersson is hit by Eric Staal and loses puck.
8:06 of 1st period - Off-side.
8:07 of 1st period - Patrik Berglund wins face-off versus Bo Horvat in neutral zone.
8:10 of 1st period - Wrist shot by Tanner Pearson.
8:10 of 1st period - Stopped by Kristers Gudlevskis without a rebound.
8:11 of 1st period - Patrik Berglund wins face-off versus Bo Horvat in Maple Leafs zone.
8:38 of 1st period - Snap shot by Jason Zucker.
8:38 of 1st period - Shot Misses the Net.
8:40 of 1st period - Wrist shot by Jon Merrill.
8:40 of 1st period - Stopped by Christopher Gibson with a rebound.
8:42 of 1st period - Slapshot by Zach Werenski.
8:42 of 1st period - Deflect By Jason Zucker.
8:42 of 1st period - Shot Misses the Net.
8:42 of 1st period - Puck is out of play.
8:43 of 1st period - Eric Staal wins face-off versus Elias Pettersson in Flames zone.
9:16 of 1st period - Wrist shot by Bo Horvat.
9:16 of 1st period - Shot Misses the Net.
9:18 of 1st period - Wrist shot by Andre Burakovsky.
9:18 of 1st period - Shot Misses the Net.
9:20 of 1st period - Slapshot by Haydn Fleury.
9:20 of 1st period - Shot Blocked by Tanner Pearson.
9:22 of 1st period - Slapshot by Haydn Fleury.
9:22 of 1st period - Shot Misses the Net.
9:24 of 1st period - Wrist shot by Brendan Guhle.
9:24 of 1st period - Deflect By Evander Kane.
9:24 of 1st period - Stopped by Christopher Gibson with a rebound.
9:26 of 1st period - Snap shot by Brendan Guhle.
9:26 of 1st period - Shot Blocked by Colby Robak.
9:50 of 1st period - Backhand shot by Jake DeBrusk.
9:50 of 1st period - Shot Blocked by Zach Werenski.
9:53 of 1st period - Icing by Zach Werenski.
9:54 of 1st period - Eric Staal wins face-off versus Sam Bennett in Maple Leafs zone.
9:55 of 1st period - Slapshot by Brad Marchand.
9:55 of 1st period - Shot Misses the Net.
10:09 of 1st period - Wrist shot by Sam Bennett.
10:09 of 1st period - Stopped by Christopher Gibson with a rebound.
10:11 of 1st period - Slapshot by Jon Merrill.
10:11 of 1st period - Shot Misses the Net.
10:13 of 1st period - Wrist shot by Zach Werenski.
10:13 of 1st period - Stopped by Christopher Gibson with a rebound.
10:15 of 1st period - Slapshot by Pontus Aberg.
10:15 of 1st period - Stopped by Christopher Gibson without a rebound.
10:16 of 1st period - Bo Horvat wins face-off versus Patrik Berglund in Flames zone.
11:04 of 1st period - Brandon Saad is hit by Jake DeBrusk and loses puck.
11:11 of 1st period - Snap shot by Kevin Labanc.
11:11 of 1st period - Stopped by Kristers Gudlevskis without a rebound.
11:12 of 1st period - Bo Horvat wins face-off versus Eric Staal in Maple Leafs zone.
11:14 of 1st period - Minor Penalty to Bo Horvat for Hooking.
11:15 of 1st period - Patrice Cormier wins face-off versus Eric Staal in Maple Leafs zone.
11:20 of 1st period - Icing by Erik Johnson.
11:21 of 1st period - Patrice Cormier wins face-off versus Eric Staal in Flames zone.
11:32 of 1st period - Wrist shot by Jimmy Hayes.
11:32 of 1st period - Goal by Jimmy Hayes - Flames : 1 - Maple Leafs : 0.
11:33 of 1st period - Eric Staal wins face-off versus Bo Horvat in neutral zone.
11:59 of 1st period - Erik Johnson is hit by Sam Bennett and loses puck.
12:04 of 1st period - Wrist shot by Zach Werenski.
12:04 of 1st period - Deflect By Sami Vatanen.
12:04 of 1st period - Stopped by Christopher Gibson with a rebound.
12:06 of 1st period - Slapshot by Jon Merrill.
12:06 of 1st period - Shot Misses the Net.
12:08 of 1st period - Snap shot by Tyler Benson.
12:08 of 1st period - Deflect By Pontus Aberg.
12:08 of 1st period - Shot Misses the Net.
12:08 of 1st period - Puck is out of play.
12:09 of 1st period - Patrik Berglund wins face-off versus Bo Horvat in Flames zone.
12:24 of 1st period - Snap shot by Evander Kane.
12:24 of 1st period - Shot Misses the Net.
12:26 of 1st period - Wrist shot by Brendan Guhle.
12:26 of 1st period - Shot Misses the Net.
12:36 of 1st period - Brendan Guhle is hit by Christian Folin.
12:42 of 1st period - Kevin Labanc is hit by Jon Merrill and loses puck.
13:44 of 1st period - Snap shot by Nicholas Baptiste.
13:44 of 1st period - Stopped by Christopher Gibson with a rebound.
13:46 of 1st period - Wrist shot by Nicholas Baptiste.
13:46 of 1st period - Shot Blocked by Erik Johnson.
13:48 of 1st period - Snap shot by Luke Schenn.
13:48 of 1st period - Shot Blocked by Brad Marchand.
13:50 of 1st period - Snap shot by Nicholas Baptiste.
13:50 of 1st period - Shot Misses the Net.
14:14 of 1st period - Slapshot by Patrik Berglund.
14:14 of 1st period - Stopped by Kristers Gudlevskis with a rebound.
14:16 of 1st period - Backhand shot by Sami Vatanen.
14:16 of 1st period - Stopped by Kristers Gudlevskis without a rebound.
14:17 of 1st period - Kevin Labanc wins face-off versus Bo Horvat in Maple Leafs zone.
14:18 of 1st period - Slapshot by Victor Rask.
14:18 of 1st period - Stopped by Kristers Gudlevskis without a rebound.
14:19 of 1st period - Bo Horvat wins face-off versus Victor Rask in Maple Leafs zone.
14:59 of 1st period - Slapshot by Victor Rask.
14:59 of 1st period - Stopped by Kristers Gudlevskis without a rebound.
15:00 of 1st period - Brad Marchand wins face-off versus Elias Pettersson in Maple Leafs zone.
15:09 of 1st period - Wrist shot by Bryan Rust.
15:09 of 1st period - Shot Blocked by Jason Zucker.
15:11 of 1st period - Slapshot by Sami Vatanen.
15:11 of 1st period - Shot Blocked by Jason Zucker.
15:13 of 1st period - Wrist shot by Eric Staal.
15:13 of 1st period - Shot Misses the Net.
15:15 of 1st period - Wrist shot by Eric Staal.
15:15 of 1st period - Stopped by Kristers Gudlevskis with a rebound.
15:17 of 1st period - Snap shot by Sami Vatanen.
15:17 of 1st period - Shot Misses the Net.
15:36 of 1st period - Wrist shot by Anders Lee.
15:36 of 1st period - Shot Misses the Net.
15:38 of 1st period - Slapshot by Sami Vatanen.
15:38 of 1st period - Stopped by Kristers Gudlevskis without a rebound.
15:39 of 1st period - Eric Staal wins face-off versus Bo Horvat in Maple Leafs zone.
16:08 of 1st period - Backhand shot by Patrik Berglund.
16:08 of 1st period - Shot Misses the Net.
16:10 of 1st period - Snap shot by Tanner Pearson.
16:10 of 1st period - Stopped by Kristers Gudlevskis with a rebound.
16:12 of 1st period - Slapshot by Patrik Berglund.
16:12 of 1st period - Stopped by Kristers Gudlevskis without a rebound.
16:13 of 1st period - Patrik Berglund wins face-off versus Elias Pettersson in Maple Leafs zone.
16:37 of 1st period - Icing by Luke Schenn.
16:38 of 1st period - Bo Horvat wins face-off versus Eric Staal in Maple Leafs zone.
17:34 of 1st period - Snap shot by Eric Staal.
17:34 of 1st period - Shot Blocked by Zach Werenski.
17:50 of 1st period - Slapshot by Bryan Rust.
17:50 of 1st period - Stopped by Kristers Gudlevskis without a rebound.
17:51 of 1st period - Patrik Berglund wins face-off versus Bo Horvat in Maple Leafs zone.
17:58 of 1st period - Slapshot by Patrik Berglund.
17:58 of 1st period - Stopped by Kristers Gudlevskis without a rebound.
17:59 of 1st period - Patrik Berglund wins face-off versus Andre Burakovsky in Maple Leafs zone.
18:21 of 1st period - Off-side.
18:22 of 1st period - Victor Rask wins face-off versus Elias Pettersson in neutral zone.
19:10 of 1st period - Snap shot by Anders Lee.
19:10 of 1st period - Shot Blocked by Zach Werenski.
19:12 of 1st period - Slapshot by Erik Johnson.
19:12 of 1st period - Shot Misses the Net.
19:14 of 1st period - Slapshot by Sami Vatanen.
19:14 of 1st period - Shot Blocked by Jon Merrill.
19:16 of 1st period - Snap shot by Evgeny Svechnikov.
19:16 of 1st period - Stopped by Kristers Gudlevskis without a rebound.
19:17 of 1st period - Patrice Cormier wins face-off versus Anders Lee in Maple Leafs zone.
19:17 of 1st period - Patrice Cormier is hit by Evgeny Svechnikov.
19:24 of 1st period - Minor Penalty to David Ullstrom for High sticking.
19:25 of 1st period - Bo Horvat wins face-off versus Patrik Berglund in Flames zone.
19:33 of 1st period - Slapshot by Zach Werenski.
19:33 of 1st period - Shot Misses the Net.
Goals for this period are 1 for Flames vs 0 for Maple Leafs.
Shots for this period are 14 for Flames vs 9 for Maple Leafs.
2nd period
0:01 of 2nd period - Bo Horvat wins face-off versus Patrik Berglund in neutral zone.
0:14 of 2nd period - Snap shot by Evander Kane.
0:14 of 2nd period - Goal by Evander Kane - Flames : 1 - Maple Leafs : 1.
0:15 of 2nd period - Bo Horvat wins face-off versus Eric Staal in neutral zone.
0:20 of 2nd period - Bryan Rust is hit by Zach Werenski and loses puck.
0:45 of 2nd period - Slapshot by Ben Smith.
0:45 of 2nd period - Shot Misses the Net.
0:49 of 2nd period - Snap shot by Elias Pettersson.
0:49 of 2nd period - Stopped by Christopher Gibson without a rebound.
0:50 of 2nd period - Elias Pettersson wins face-off versus Eric Staal in Flames zone.
0:52 of 2nd period - Minor Penalty to Christian Folin for Cross-checking.
0:53 of 2nd period - Patrik Berglund wins face-off versus Bo Horvat in Flames zone.
1:09 of 2nd period - Slapshot by Zach Werenski.
1:09 of 2nd period - Shot Misses the Net.
2:32 of 2nd period - Jason Zucker is hit by Bryan Rust and loses puck.
2:52 of 2nd period - Penalty to Christian Folin is over, Christian Folin is back on ice.
4:11 of 2nd period - Icing by Jon Merrill.
4:12 of 2nd period - Sam Bennett wins face-off versus Eric Staal in Maple Leafs zone.
5:08 of 2nd period - Slapshot by Evander Kane.
5:08 of 2nd period - Shot Blocked by Esa Lindell.
5:21 of 2nd period - Esa Lindell is hit by Evander Kane and loses puck.
5:30 of 2nd period - Wrist shot by Tanner Pearson.
5:30 of 2nd period - Shot Blocked by Bo Horvat.
5:32 of 2nd period - Slapshot by Esa Lindell.
5:32 of 2nd period - Stopped by Kristers Gudlevskis without a rebound.
5:33 of 2nd period - Brad Marchand wins face-off versus Elias Pettersson in Maple Leafs zone.
5:34 of 2nd period - Snap shot by Eric Staal.
5:34 of 2nd period - Shot Misses the Net.
5:52 of 2nd period - Luke Schenn is hit by Brad Marchand and loses puck.
6:02 of 2nd period - Off-side.
6:03 of 2nd period - Victor Rask wins face-off versus Bo Horvat in neutral zone.
7:21 of 2nd period - Wrist shot by Jason Zucker.
7:21 of 2nd period - Stopped by Christopher Gibson without a rebound.
7:22 of 2nd period - Sam Bennett wins face-off versus Victor Rask in Flames zone.
7:27 of 2nd period - Wrist shot by Sam Bennett.
7:27 of 2nd period - Deflect By Esa Lindell.
7:27 of 2nd period - Shot Misses the Net.
7:27 of 2nd period - Puck is out of play.
7:28 of 2nd period - Eric Staal wins face-off versus Sam Bennett in Flames zone.
7:41 of 2nd period - Wrist shot by Sam Bennett.
7:41 of 2nd period - Stopped by Christopher Gibson without a rebound.
7:42 of 2nd period - Eric Staal wins face-off versus Bo Horvat in Flames zone.
7:47 of 2nd period - Slapshot by Erik Johnson.
7:47 of 2nd period - Shot Misses the Net.
7:49 of 2nd period - Slapshot by Sami Vatanen.
7:49 of 2nd period - Stopped by Kristers Gudlevskis with a rebound.
7:51 of 2nd period - Wrist shot by Bryan Rust.
7:51 of 2nd period - Stopped by Kristers Gudlevskis without a rebound.
7:52 of 2nd period - Bo Horvat wins face-off versus Eric Staal in Maple Leafs zone.
7:52 of 2nd period - Bo Horvat is hit by Eric Staal.
8:16 of 2nd period - Slapshot by Bryan Rust.
8:16 of 2nd period - Shot Blocked by Bo Horvat.
8:18 of 2nd period - Slapshot by Erik Johnson.
8:18 of 2nd period - Shot Blocked by John Klingberg.
8:20 of 2nd period - Wrist shot by Bryan Rust.
8:20 of 2nd period - Stopped by Kristers Gudlevskis with a rebound.
8:22 of 2nd period - Slapshot by Erik Johnson.
8:22 of 2nd period - Shot Misses the Net.
8:40 of 2nd period - Wrist shot by Bryan Rust.
8:40 of 2nd period - Stopped by Kristers Gudlevskis with a rebound.
8:42 of 2nd period - Slapshot by Erik Johnson.
8:42 of 2nd period - Deflect By Brad Marchand.
8:42 of 2nd period - Shot Misses the Net.
8:42 of 2nd period - Puck is out of play.
8:43 of 2nd period - Patrik Berglund wins face-off versus Elias Pettersson in Maple Leafs zone.
9:00 of 2nd period - Slapshot by Zach Werenski.
9:00 of 2nd period - Shot Misses the Net.
9:50 of 2nd period - Ben Smith is hit by Rasmus Andersson and loses puck.
10:05 of 2nd period - Snap shot by Pontus Aberg.
10:05 of 2nd period - Stopped by Christopher Gibson without a rebound.
10:06 of 2nd period - Sam Bennett wins face-off versus Eric Staal in Flames zone.
10:13 of 2nd period - Snap shot by Sam Bennett.
10:13 of 2nd period - Shot Blocked by Erik Johnson.
10:31 of 2nd period - Erik Johnson is hit by Elias Pettersson and loses puck.
12:08 of 2nd period - Off-side.
12:09 of 2nd period - Bo Horvat wins face-off versus Anders Lee in neutral zone.
12:36 of 2nd period - Brad Marchand is hit by Ben Smith and loses puck.
12:58 of 2nd period - Off-side.
12:59 of 2nd period - Sam Bennett wins face-off versus Patrik Berglund in neutral zone.
13:29 of 2nd period - Snap shot by Brendan Guhle.
13:29 of 2nd period - Deflect By Andre Burakovsky.
13:29 of 2nd period - Shot Blocked by Bryan Rust.
13:29 of 2nd period - Puck is out of play.
13:30 of 2nd period - Eric Staal wins face-off versus Bo Horvat in Flames zone.
13:39 of 2nd period - Icing by Bo Horvat.
13:40 of 2nd period - Bo Horvat wins face-off versus Eric Staal in Maple Leafs zone.
13:51 of 2nd period - Snap shot by Andre Burakovsky.
13:51 of 2nd period - Shot Misses the Net.
13:53 of 2nd period - Wrist shot by Evander Kane.
13:53 of 2nd period - Shot Blocked by Erik Johnson.
13:55 of 2nd period - Snap shot by Brendan Guhle.
13:55 of 2nd period - Shot Blocked by Brad Marchand.
13:57 of 2nd period - Snap shot by Andre Burakovsky.
13:57 of 2nd period - Stopped by Christopher Gibson with a rebound.
13:59 of 2nd period - Slapshot by Haydn Fleury.
13:59 of 2nd period - Shot Blocked by Sami Vatanen.
14:01 of 2nd period - Slapshot by Brendan Guhle.
14:01 of 2nd period - Shot Blocked by Erik Johnson.
14:03 of 2nd period - Slapshot by Andre Burakovsky.
14:03 of 2nd period - Shot Misses the Net.
14:05 of 2nd period - Slapshot by Bo Horvat.
14:05 of 2nd period - Stopped by Christopher Gibson without a rebound.
14:06 of 2nd period - Jimmy Hayes wins face-off versus Elias Pettersson in Flames zone.
14:19 of 2nd period - Snap shot by Tanner Pearson.
14:19 of 2nd period - Stopped by Kristers Gudlevskis with a rebound.
14:33 of 2nd period - Slapshot by Jake DeBrusk.
14:33 of 2nd period - Shot Blocked by Jon Merrill.
16:47 of 2nd period - Snap shot by Anders Lee.
16:47 of 2nd period - Shot Misses the Net.
16:49 of 2nd period - Snap shot by Anders Lee.
16:49 of 2nd period - Stopped by Kristers Gudlevskis without a rebound.
16:50 of 2nd period - Bo Horvat wins face-off versus Patrik Berglund in Maple Leafs zone.
17:03 of 2nd period - Backhand shot by Evander Kane.
17:03 of 2nd period - Shot Blocked by Erik Johnson.
17:09 of 2nd period - Brendan Guhle is hit by Erik Johnson and loses puck.
17:59 of 2nd period - Icing by Jon Merrill.
18:00 of 2nd period - Anders Lee wins face-off versus Sam Bennett in Maple Leafs zone.
18:07 of 2nd period - Snap shot by Eric Staal.
18:07 of 2nd period - Shot Blocked by Pontus Aberg.
18:09 of 2nd period - Snap shot by Brad Marchand.
18:09 of 2nd period - Shot Misses the Net.
18:11 of 2nd period - Snap shot by Bryan Rust.
18:11 of 2nd period - Stopped by Kristers Gudlevskis with a rebound.
18:23 of 2nd period - Slapshot by Tyler Benson.
18:23 of 2nd period - Shot Misses the Net.
18:39 of 2nd period - Wrist shot by Bryan Rust.
18:39 of 2nd period - Shot Misses the Net.
18:41 of 2nd period - Snap shot by Brad Marchand.
18:41 of 2nd period - Stopped by Kristers Gudlevskis with a rebound.
19:11 of 2nd period - Slapshot by Zach Werenski.
19:11 of 2nd period - Stopped by Christopher Gibson with a rebound.
19:39 of 2nd period - Snap shot by Eric Staal.
19:39 of 2nd period - Shot Misses the Net.
19:41 of 2nd period - Snap shot by Bryan Rust.
19:41 of 2nd period - Stopped by Kristers Gudlevskis with a rebound.
19:43 of 2nd period - Slapshot by Rasmus Andersson.
19:43 of 2nd period - Stopped by Kristers Gudlevskis without a rebound.
19:44 of 2nd period - Bo Horvat wins face-off versus Patrik Berglund in Maple Leafs zone.
19:46 of 2nd period - Minor Penalty to Evander Kane for Slashing.
19:47 of 2nd period - Ben Smith wins face-off versus Patrik Berglund in Maple Leafs zone.
19:53 of 2nd period - Snap shot by Patrik Berglund.
19:53 of 2nd period - Shot Blocked by Ben Smith.
19:55 of 2nd period - Slapshot by Erik Johnson.
19:55 of 2nd period - Stopped by Kristers Gudlevskis without a rebound.
19:56 of 2nd period - Patrice Cormier wins face-off versus Patrik Berglund in Maple Leafs zone.
19:56 of 2nd period - Patrice Cormier is hit by Evgeny Svechnikov.
Goals for this period are 0 for Flames vs 1 for Maple Leafs.
Shots for this period are 12 for Flames vs 8 for Maple Leafs.
3rd period
0:01 of 3rd period - Patrice Cormier wins face-off versus Eric Staal in neutral zone.
0:05 of 3rd period - Snap shot by Ben Smith.
0:05 of 3rd period - Stopped by Christopher Gibson without a rebound.
0:06 of 3rd period - Eric Staal wins face-off versus Patrice Cormier in Flames zone.
0:13 of 3rd period - Wrist shot by Eric Staal.
0:13 of 3rd period - Shot Misses the Net.
1:31 of 3rd period - Jon Merrill is hit by Eric Staal and loses puck.
1:46 of 3rd period - Penalty to Evander Kane is over, Evander Kane is back on ice.
2:16 of 3rd period - Slapshot by Rasmus Andersson.
2:16 of 3rd period - Shot Blocked by John Klingberg.
2:44 of 3rd period - Rasmus Andersson is hit by Bo Horvat and loses puck.
3:13 of 3rd period - Jake DeBrusk is hit by Ben Smith and loses puck.
3:19 of 3rd period - Minor Penalty to Esa Lindell for Roughing.
3:20 of 3rd period - Patrik Berglund wins face-off versus Bo Horvat in Flames zone.
3:20 of 3rd period - Patrik Berglund is hit by John Klingberg.
3:34 of 3rd period - Snap shot by Evander Kane.
3:34 of 3rd period - Shot Blocked by Christian Folin.
3:36 of 3rd period - Slapshot by Zach Werenski.
3:36 of 3rd period - Deflect By Bo Horvat.
3:36 of 3rd period - Shot Misses the Net.
3:36 of 3rd period - Puck is out of play.
3:37 of 3rd period - Bo Horvat wins face-off versus Patrik Berglund in Flames zone.
3:52 of 3rd period - Snap shot by Zach Werenski.
3:52 of 3rd period - Goal by Zach Werenski - Flames : 1 - Maple Leafs : 2.
3:53 of 3rd period - Bo Horvat wins face-off versus Patrik Berglund in neutral zone.
4:27 of 3rd period - Wrist shot by Ben Smith.
4:27 of 3rd period - Stopped by Christopher Gibson with a rebound.
4:43 of 3rd period - Snap shot by Patrice Cormier.
4:43 of 3rd period - Shot Blocked by Jake DeBrusk.
6:08 of 3rd period - Snap shot by Andre Burakovsky.
6:08 of 3rd period - Shot Blocked by Rasmus Andersson.
6:10 of 3rd period - Wrist shot by Bo Horvat.
6:10 of 3rd period - Shot Misses the Net.
6:12 of 3rd period - Slapshot by Bo Horvat.
6:12 of 3rd period - Stopped by Christopher Gibson without a rebound.
6:13 of 3rd period - Bo Horvat wins face-off versus Jimmy Hayes in Flames zone.
6:20 of 3rd period - Snap shot by Bo Horvat.
6:20 of 3rd period - Stopped by Christopher Gibson without a rebound.
6:21 of 3rd period - Bo Horvat wins face-off versus Patrik Berglund in Flames zone.
6:54 of 3rd period - Snap shot by Evander Kane.
6:54 of 3rd period - Stopped by Christopher Gibson without a rebound.
6:55 of 3rd period - Brad Marchand wins face-off versus Elias Pettersson in Flames zone.
6:55 of 3rd period - Brad Marchand is hit by Jason Zucker.
7:11 of 3rd period - Wrist shot by Eric Staal.
7:11 of 3rd period - Shot Blocked by Jon Merrill.
7:21 of 3rd period - Jake DeBrusk is hit by Patrice Cormier and loses puck.
7:28 of 3rd period - Backhand shot by Brandon Saad.
7:28 of 3rd period - Deflect By Nicholas Baptiste.
7:28 of 3rd period - Shot Misses the Net.
7:28 of 3rd period - Puck is out of play.
7:29 of 3rd period - Patrik Berglund wins face-off versus Bo Horvat in Flames zone.
7:31 of 3rd period - Minor Penalty to Jimmy Hayes for Hooking.
7:32 of 3rd period - Bo Horvat wins face-off versus Patrik Berglund in Flames zone.
9:31 of 3rd period - Penalty to Jimmy Hayes is over, Jimmy Hayes is back on ice.
9:38 of 3rd period - Victor Rask is hit by Brandon Saad and loses puck.
9:45 of 3rd period - Jon Merrill is hit by Jake DeBrusk and loses puck.
10:00 of 3rd period - Sam Bennett is hit by David Ullstrom and loses puck.
10:24 of 3rd period - Snap shot by Bryan Rust.
10:24 of 3rd period - Stopped by Kristers Gudlevskis without a rebound.
10:25 of 3rd period - Eric Staal wins face-off versus Patrice Cormier in Maple Leafs zone.
10:26 of 3rd period - Snap shot by Rasmus Andersson.
10:26 of 3rd period - Shot Misses the Net.
10:54 of 3rd period - Icing by Jason Zucker.
10:55 of 3rd period - Elias Pettersson wins face-off versus Patrik Berglund in Maple Leafs zone.
11:02 of 3rd period - Wrist shot by Zach Werenski.
11:02 of 3rd period - Stopped by Christopher Gibson without a rebound.
11:03 of 3rd period - Bo Horvat wins face-off versus Patrik Berglund in Flames zone.
12:00 of 3rd period - Snap shot by Elias Pettersson.
12:00 of 3rd period - Shot Blocked by Esa Lindell.
12:04 of 3rd period - Snap shot by Jason Zucker.
12:04 of 3rd period - Shot Misses the Net.
12:06 of 3rd period - Slapshot by Haydn Fleury.
12:06 of 3rd period - Deflect By Eric Staal.
12:06 of 3rd period - Stopped by Christopher Gibson without a rebound.
12:07 of 3rd period - Bo Horvat wins face-off versus Jake DeBrusk in Flames zone.
12:10 of 3rd period - Snap shot by Andre Burakovsky.
12:10 of 3rd period - Stopped by Christopher Gibson with a rebound.
12:12 of 3rd period - Snap shot by Evander Kane.
12:12 of 3rd period - Stopped by Christopher Gibson without a rebound.
12:13 of 3rd period - Kevin Labanc wins face-off versus Andre Burakovsky in Flames zone.
12:24 of 3rd period - Snap shot by Andre Burakovsky.
12:24 of 3rd period - Shot Misses the Net.
12:26 of 3rd period - Slapshot by Zach Werenski.
12:26 of 3rd period - Shot Misses the Net.
12:48 of 3rd period - Slapshot by Zach Werenski.
12:48 of 3rd period - Shot Misses the Net.
12:50 of 3rd period - Wrist shot by Jon Merrill.
12:50 of 3rd period - Shot Misses the Net.
12:52 of 3rd period - Snap shot by Patrice Cormier.
12:52 of 3rd period - Stopped by Christopher Gibson with a rebound.
13:13 of 3rd period - Icing by Jason Zucker.
13:14 of 3rd period - Patrik Berglund wins face-off versus Jason Zucker in Maple Leafs zone.
13:20 of 3rd period - Icing by Luke Schenn.
13:21 of 3rd period - Patrik Berglund wins face-off versus Elias Pettersson in Maple Leafs zone.
13:24 of 3rd period - Snap shot by Jimmy Hayes.
13:24 of 3rd period - Stopped by Kristers Gudlevskis without a rebound.
13:25 of 3rd period - Bo Horvat wins face-off versus Eric Staal in Maple Leafs zone.
13:52 of 3rd period - Off-side.
13:53 of 3rd period - Jason Zucker wins face-off versus Patrik Berglund in neutral zone.
14:51 of 3rd period - Snap shot by Patrik Berglund.
14:51 of 3rd period - Shot Misses the Net.
14:53 of 3rd period - Slapshot by Sami Vatanen.
14:53 of 3rd period - Shot Blocked by Ben Smith.
14:55 of 3rd period - Slapshot by Erik Johnson.
14:55 of 3rd period - Stopped by Kristers Gudlevskis without a rebound.
14:56 of 3rd period - Bo Horvat wins face-off versus Eric Staal in Maple Leafs zone.
14:58 of 3rd period - Minor Penalty to Luke Schenn for Roughing.
14:59 of 3rd period - Patrice Cormier wins face-off versus Eric Staal in Maple Leafs zone.
15:05 of 3rd period - Wrist shot by Christian Folin.
15:05 of 3rd period - Shot Blocked by Haydn Fleury.
15:07 of 3rd period - Slapshot by Esa Lindell.
15:07 of 3rd period - Shot Misses the Net.
15:43 of 3rd period - Slapshot by John Klingberg.
15:43 of 3rd period - Shot Blocked by Christian Folin.
15:45 of 3rd period - Slapshot by Sam Bennett.
15:45 of 3rd period - Stopped by Christopher Gibson with a rebound.
16:21 of 3rd period - Brandon Saad is hit by Erik Johnson and loses puck.
16:56 of 3rd period - Evander Kane is hit by Erik Johnson and loses puck.
16:58 of 3rd period - Penalty to Luke Schenn is over, Luke Schenn is back on ice.
17:25 of 3rd period - Icing by Colby Robak.
17:26 of 3rd period - Andre Burakovsky wins face-off versus Patrik Berglund in Flames zone.
17:27 of 3rd period - Snap shot by Evander Kane.
17:27 of 3rd period - Shot Misses the Net.
17:29 of 3rd period - Snap shot by Andre Burakovsky.
17:29 of 3rd period - Shot Blocked by Colby Robak.
17:31 of 3rd period - Slapshot by Jon Merrill.
17:31 of 3rd period - Stopped by Christopher Gibson with a rebound.
17:33 of 3rd period - Snap shot by Bo Horvat.
17:33 of 3rd period - Shot Misses the Net.
17:35 of 3rd period - Snap shot by Evander Kane.
17:35 of 3rd period - Stopped by Christopher Gibson with a rebound.
17:57 of 3rd period - Snap shot by Ben Smith.
17:57 of 3rd period - Stopped by Christopher Gibson with a rebound.
17:59 of 3rd period - Wrist shot by Jason Zucker.
17:59 of 3rd period - Stopped by Christopher Gibson without a rebound.
18:00 of 3rd period - Victor Rask wins face-off versus Elias Pettersson in Flames zone.
18:00 of 3rd period - Victor Rask is hit by Ben Smith.
18:40 of 3rd period - Wrist shot by Tyler Benson.
18:40 of 3rd period - Shot Blocked by Anders Lee.
19:06 of 3rd period - Flames, Christopher Gibson is pulled from the net.
19:10 of 3rd period - Slapshot by Anders Lee.
19:10 of 3rd period - Stopped by Kristers Gudlevskis with a rebound.
19:38 of 3rd period - Slapshot by David Ullstrom.
19:38 of 3rd period - Shot Misses the Net.
19:40 of 3rd period - Slapshot by Erik Johnson.
19:40 of 3rd period - Deflect By David Ullstrom.
19:40 of 3rd period - Shot Blocked by Patrice Cormier.
19:40 of 3rd period - Puck is out of play.
19:41 of 3rd period - Lindy Ruff call a timeout for Flames.
19:41 of 3rd period - Evander Kane wins face-off versus Eric Staal in Maple Leafs zone.
19:44 of 3rd period - Slapshot by Eric Staal.
19:44 of 3rd period - Goal by Eric Staal - Flames : 2 - Maple Leafs : 2.
19:44 of 3rd period - Christopher Gibson from Flames was sent back in the game.
19:45 of 3rd period - Sam Bennett wins face-off versus Victor Rask in neutral zone.
Goals for this period are 1 for Flames vs 1 for Maple Leafs.
Shots for this period are 5 for Flames vs 16 for Maple Leafs.
Overtime #1
0:01 of 1st overtime period - Bo Horvat wins face-off versus Eric Staal in neutral zone.
0:27 of 1st overtime period - Off-side.
0:28 of 1st overtime period - Bryan Rust wins face-off versus Ben Smith in neutral zone.
0:37 of 1st overtime period - Snap shot by Bryan Rust.
0:37 of 1st overtime period - Stopped by Kristers Gudlevskis without a rebound.
0:38 of 1st overtime period - Bo Horvat wins face-off versus Eric Staal in Maple Leafs zone.
1:14 of 1st overtime period - Off-side.
1:15 of 1st overtime period - Bo Horvat wins face-off versus Eric Staal in neutral zone.
1:22 of 1st overtime period - Slapshot by Zach Werenski.
1:22 of 1st overtime period - Stopped by Christopher Gibson with a rebound.
1:48 of 1st overtime period - Backhand shot by Sami Vatanen.
1:48 of 1st overtime period - Shot Blocked by Zach Werenski.
2:16 of 1st overtime period - Snap shot by Jimmy Hayes.
2:16 of 1st overtime period - Stopped by Kristers Gudlevskis without a rebound.
2:17 of 1st overtime period - Bo Horvat wins face-off versus Eric Staal in Maple Leafs zone.
2:59 of 1st overtime period - Slapshot by Bryan Rust.
2:59 of 1st overtime period - Shot Misses the Net.
3:39 of 1st overtime period - Brad Marchand is hit by Jon Merrill and loses puck.
4:33 of 1st overtime period - Christian Folin is hit by Sam Bennett.
Goals for this period are 0 for Flames vs 0 for Maple Leafs.
Shots for this period are 2 for Flames vs 1 for Maple Leafs.
ShootOut
5:00 of 1st overtime period - Round #1.
5:00 of 1st overtime period - Flames, Eric Staal.
5:00 of 1st overtime period - Wrist shot by Eric Staal.
5:00 of 1st overtime period - Shot Misses the Net.
5:00 of 1st overtime period - Maple Leafs, Evander Kane.
5:00 of 1st overtime period - Backhand shot by Evander Kane.
5:00 of 1st overtime period - Stopped by Christopher Gibson.
5:00 of 1st overtime period - Round #2.
5:00 of 1st overtime period - Flames, Jake DeBrusk.
5:00 of 1st overtime period - Snap shot by Jake DeBrusk.
5:00 of 1st overtime period - Goal by Jake DeBrusk.
5:00 of 1st overtime period - Maple Leafs, Elias Pettersson.
5:00 of 1st overtime period - Deke by Elias Pettersson.
5:00 of 1st overtime period - Stopped by Christopher Gibson.
5:00 of 1st overtime period - Round #3.
5:00 of 1st overtime period - Flames, Jimmy Hayes.
5:00 of 1st overtime period - Deke by Jimmy Hayes.
5:00 of 1st overtime period - Shot Misses the Net.
5:00 of 1st overtime period - Maple Leafs, Andre Burakovsky.
5:00 of 1st overtime period - Wrist shot by Andre Burakovsky.
5:00 of 1st overtime period - Stopped by Christopher Gibson.